[Event "Titled Tuesday Blitz June 13 Late 2023"]
[White "Lalanne, Pablo"]
[Black "Goncalves, Davi Sulzbacher"]
[WhiteFideId "112151"]
[BlackFideId "2154510"]
[WhiteElo "2120"]
[BlackElo "2182"]
[Result "1-0"]
[Round "11"]
[TimeControl "180+2"]
[Date "2023.06.13"]
[WhiteClock "0:01:17"]
[BlackClock "0:00:00"]
[Board "92"]

1. e4 d5 2. exd5 Qxd5 3. Nc3 Qe5+ 4. Be2 c6 5. Nf3 Qc7 6. O-O Bf5 7. d4 h6 8. Re1 e6 9. d5 Be7 10. Nd4 cxd5 11. Nxf5 exf5 12. Nxd5 Qd7 13. Bb5 Nc6 14. Bf4 O-O-O 15. c4 Bd6 16. Qf3 g6 17. Rad1 Nge7 18. Nxe7+ 1-0


[Site "https://www.chess.com"]

[Event "Titled Tuesday Blitz June 13 Late 2023"]
[White "Jonkman, Harmen"]
[Black "Maluco_do_Natal_00"]
[WhiteFideId "1002708"]
[WhiteElo "2368"]
[BlackElo "2118"]
[Result "1-0"]
[Round "11"]
[TimeControl "180+2"]
[Date "2023.06.13"]
[WhiteClock "0:00:14"]
[BlackClock "0:00:00"]
[Board "93"]

1. e4 c5 2. Nf3 Nc6 3. c3 d5 4. exd5 Qxd5 5. d4 e6 6. Bd3 cxd4 7. cxd4 Bb4+ 8. Nc3 Nf6 9. O-O Qd6 10. Nb5 Qb8 11. g3 Nd5 12. Be4 a6 13. Bxd5 axb5 14. Bb3 O-O 15. Qd3 Na5 16. Bc2 g6 17. Qxb5 Bd6 18. Bh6 Rd8 19. Qg5 Bd7 20. Ne5 Bf8 21. Bxf8 Rxf8 22. Nxd7 Qd8 23. Qxd8 Rfxd8 24. Ne5 Rxd4 25. Rfd1 Rb4 26. b3 b6 27. Rd7 Rf8 28. a3 Nxb3 29. axb4 Nxa1 30. Ba4 Kg7 31. Rd1 1-0


[Site "https://www.chess.com"]

[Event "Titled Tuesday Blitz June 13 Late 2023"]
[White "Florianovitz, Derlei Alex"]
[Black "Fajdetic, Hrvoje"]
[WhiteFideId "2114178"]
[BlackFideId "14501945"]
[WhiteElo "1953"]
[BlackElo "2185"]
[Result "0-1"]
[Round "11"]
[TimeControl "180+2"]
[Date "2023.06.13"]
[WhiteClock "0:00:17"]
[BlackClock "0:00:09"]
[Board "94"]

1. e4 c5 2. Nf3 a6 3. d4 cxd4 4. Nxd4 Nf6 5. Nc3 e5 6. Nde2 Bb4 7. Qd3 d5 8. exd5 Qxd5 9. Qxd5 Nxd5 10. Bd2 Nxc3 11. Nxc3 Nc6 12. Bc4 Bf5 13. O-O-O Rc8 14. Nd5 Bxd2+ 15. Rxd2 Nd4 16. Bb3 Rc5 17. Ne3 Nxb3+ 18. axb3 Be6 19. Kb1 O-O 20. Rhd1 f5 21. Rd8 f4 22. Rxf8+ Kxf8 23. Nf1 Bf5 24. Rd2 Ke7 25. Kc1 g5 26. b4 Rb5 27. c3 e4 28. Rd4 Re5 29. Kd2 Bd7 30. c4 Be6 31. b3 b5 32. Ke2 a5 33. bxa5 bxc4 34. bxc4 Kf6 35. g3 Kf5 36. a6 Ra5 37. Rd6 Bxc4+ 38. Ke1 Ra1+ 39. Rd1 Rxd1+ 40. Kxd1 Bxa6 41. Nd2 e3 42. fxe3 fxe3 43. Nb3 Kg4 44. Nc5 Bc4 45. Nd7 Kh3 46. Ne5 Bb5 47. Nf7 g4 48. Ng5+ Kxh2 49. Nxh7 Kxg3 50. Ke1 Kh2 51. Ng5 g3 52. Nf3+ Kh1 53. Nh4 g2 54. Nxg2 Kxg2 55. Kd1 Kf2 0-1


[Site "https://www.chess.com"]

[Event "Titled Tuesday Blitz June 13 Late 2023"]
[White "Aung Thant Zin"]
[Black "Shapiro, Daniel"]
[WhiteFideId "13000063"]
[BlackFideId "2001780"]
[WhiteElo "2278"]
[BlackElo "2331"]
[Result "0-1"]
[Round "11"]
[TimeControl "180+2"]
[Date "2023.06.13"]
[WhiteClock "0:00:38"]
[BlackClock "0:00:20"]
[Board "95"]

1. e4 c5 2. Nf3 e6 3. d4 cxd4 4. Nxd4 a6 5. Nc3 Qc7 6. Be3 Nf6 7. Bd3 Bb4 8. O-O Bxc3 9. bxc3 Qxc3 10. Rb1 Qc7 11. h3 Nc6 12. Kh1 b5 13. f4 d6 14. Nxc6 Qxc6 15. Bd4 Bb7 16. Qe2 Nxe4 17. Kh2 O-O 18. f5 e5 19. f6 exd4 20. fxg7 Rfe8 21. Qg4 d5 22. Qh4 Qg6 23. Rf4 Rac8 24. Rbf1 Rc7 25. Rg4 Qd6+ 26. Kh1 Bc8 27. Rgf4 Qg6 28. R1f3 h6 29. Kh2 Qg5 30. Qe1 f5 31. Qg1 Rce7 32. Qxd4 Qxg7 33. Bxe4 Qxd4 34. Rg3+ Kh8 0-1


[Site "https://www.chess.com"]

[Event "Titled Tuesday Blitz June 13 Late 2023"]
[White "DampFalcon"]
[Black "Francisco_Ferrari"]
[WhiteElo "2181"]
[BlackElo "2323"]
[Result "1-0"]
[Round "11"]
[TimeControl "180+2"]
[Date "2023.06.13"]
[WhiteClock "0:00:56"]
[BlackClock "0:00:10"]
[Board "96"]

1. e4 e5 2. Nf3 Nc6 3. d4 exd4 4. Nxd4 Nf6 5. Nxc6 bxc6 6. e5 Qe7 7. Qe2 Nd5 8. h4 g6 9. c4 Ba6 10. Rh3 Bg7 11. Ra3 Nb4 12. Re3 c5 13. g3 Nc6 14. Nc3 Nd4 15. Qd3 Bb7 16. Be2 O-O 17. Bd2 Nf5 18. f4 Nxe3 19. Bxe3 d6 20. O-O-O dxe5 21. fxe5 Qxe5 22. Bf4 Qd4 23. Qc2 Qf2 24. h5 Rad8 25. Rf1 Qg2 26. h6 Bxc3 27. Qxc3 Rd4 28. Re1 Re8 29. Be3 Rde4 30. Qg7# 1-0


[Site "https://www.chess.com"]

[Event "Titled Tuesday Blitz June 13 Late 2023"]
[White "Almedina Ortiz, Edgardo J."]
[Black "Kaufman, Raymond"]
[WhiteFideId "3100197"]
[BlackFideId "2015056"]
[WhiteElo "2217"]
[BlackElo "2264"]
[Result "0-1"]
[Round "11"]
[TimeControl "180+2"]
[Date "2023.06.13"]
[WhiteClock "0:00:00"]
[BlackClock "0:00:30"]
[Board "97"]

1. d4 Nf6 2. c4 g6 3. Nc3 d5 4. Nf3 Bg7 5. Qb3 dxc4 6. Qxc4 O-O 7. e4 a6 8. Be2 b5 9. Qb3 c5 10. dxc5 Be6 11. Qc2 Qa5 12. O-O Nc6 13. Rd1 Rfd8 14. Be3 Ng4 15. Bf4 Nd4 16. Nxd4 Bxd4 17. Bg3 Rac8 18. Nd5 Rxc5 19. Qb1 Rcxd5 20. exd5 Rxd5 21. Qe4 Nf6 22. Qf3 Bg4 23. Qxd5 Nxd5 24. Bxg4 Bxb2 25. Rab1 Nc3 26. Rxb2 Nxd1 27. Re2 f5 28. Bf3 Qb4 0-1


[Site "https://www.chess.com"]

[Event "Titled Tuesday Blitz June 13 Late 2023"]
[White "Wang, Alexander J"]
[Black "Osmonbekov, Talaibek"]
[WhiteFideId "30955270"]
[BlackFideId "2017253"]
[WhiteElo "2254"]
[BlackElo "2135"]
[Result "1-0"]
[Round "11"]
[TimeControl "180+2"]
[Date "2023.06.13"]
[WhiteClock "0:00:21"]
[BlackClock "0:00:00"]
[Board "98"]

1. e4 c5 2. Nf3 d6 3. d4 cxd4 4. Nxd4 Nf6 5. Nc3 g6 6. g3 Nc6 7. Bg2 Bd7 8. O-O Bg7 9. h3 O-O 10. Be3 Rc8 11. f4 Na5 12. Kh2 Nc4 13. Bc1 a6 14. Nde2 b5 15. b3 b4 16. bxc4 bxc3 17. e5 Ne8 18. Qd4 Be6 19. Qxc3 dxe5 20. fxe5 Rxc4 21. Qe3 Rxc2 22. Ba3 Nc7 23. Rfd1 Nd5 24. Qd3 Rxe2 25. Qxe2 Qa5 26. Bb2 Rb8 27. Bd4 h5 28. Rdb1 Rc8 29. Rc1 Rd8 30. Rc5 Qb4 31. Rc4 Qa3 32. Rc2 h4 33. gxh4 Nf4 34. Qe3 Qxe3 35. Bxe3 1-0


[Site "https://www.chess.com"]

[Event "Titled Tuesday Blitz June 13 Late 2023"]
[White "rionelG"]
[Black "Dias, Joao Batista"]
[BlackFideId "2108240"]
[WhiteElo "2226"]
[BlackElo "1907"]
[Result "1-0"]
[Round "11"]
[TimeControl "180+2"]
[Date "2023.06.13"]
[WhiteClock "0:01:40"]
[BlackClock "0:01:44"]
[Board "99"]

1. e4 e5 2. Nf3 d6 3. d4 exd4 4. Nxd4 Be7 5. Nc3 Nf6 6. Nf5 Bxf5 7. exf5 O-O 8. Bd3 Nc6 9. Be3 Nb4 10. a3 Nxd3+ 11. Qxd3 Re8 12. O-O-O Ng4 13. Kb1 Nxe3 14. Qxe3 Bf6 15. Qg3 Qd7 16. Qg4 Bxc3 17. bxc3 Re5 18. Rhe1 Qxf5 19. Qxf5 Rxf5 20. Re7 Rc5 21. Kb2 Kf8 22. Rde1 a5 23. a4 g6 24. f4 Rc8 25. g3 h5 26. Kb3 Kg7 27. Rd7 b5 28. Ree7 bxa4+ 29. Kxa4 Rf5 30. Rxc7 Rxc7 31. Rxc7 h4 32. Ra7 hxg3 33. hxg3 Rc5 34. Kb3 Kf6 35. c4 Ke6 36. Kc3 f6 37. Kd4 Kf5 38. Ra6 g5 39. Rxd6 Rc8 40. Rd5+ Kg4 41. fxg5 fxg5 42. Rxa5 Rd8+ 43. Rd5 Ra8 44. c5 Ra4+ 45. c4 Ra1 46. c6 Ra7 47. Rd7 1-0


[Site "https://www.chess.com"]

[Event "Titled Tuesday Blitz June 13 Late 2023"]
[White "Howell, David W L"]
[Black "Vila Dupla, Aurelio"]
[WhiteFideId "410608"]
[BlackFideId "2203383"]
[WhiteElo "2567"]
[BlackElo "2009"]
[Result "1-0"]
[Round "11"]
[TimeControl "180+2"]
[Date "2023.06.13"]
[WhiteClock "0:00:24"]
[BlackClock "0:00:00"]
[Board "100"]

1. e4 c5 2. Nf3 d6 3. Nc3 Nc6 4. Bb5 Bd7 5. O-O Nf6 6. Re1 e6 7. d3 Be7 8. a4 O-O 9. Bf4 h6 10. h3 Nh7 11. Ne2 Ng5 12. Nd2 e5 13. Be3 Ne6 14. c3 Bf6 15. Ng3 Bg5 16. Qf3 Bxe3 17. Qxe3 Nf4 18. Kh2 Qf6 19. Qf3 Rac8 20. Ne2 Qg5 21. Qg3 Nxe2 22. Qxg5 hxg5 23. Rxe2 g4 24. Nc4 gxh3 25. Nxd6 Rb8 26. gxh3 a6 27. Bc4 Be6 28. Bxe6 fxe6 29. Nc4 Rf6 30. a5 Rbf8 31. Rf1 Rf3 32. Rd2 R8f6 33. Kg2 R3f4 34. f3 Rg6+ 35. Kf2 Rh6 36. Kg3 1-0


[Site "https://www.chess.com"]

[Event "Titled Tuesday Blitz June 13 Late 2023"]
[White "Gerbelli Neto, Eduardo"]
[Black "Chemin, Justo Reinaldo"]
[WhiteFideId "2103281"]
[BlackFideId "2101580"]
[WhiteElo "2178"]
[BlackElo "1940"]
[Result "0-1"]
[Round "11"]
[TimeControl "180+2"]
[Date "2023.06.13"]
[WhiteClock "0:00:04"]
[BlackClock "0:00:07"]
[Board "101"]

1. e4 e6 2. d4 d5 3. Nc3 Bb4 4. Ne2 dxe4 5. a3 Be7 6. Nxe4 Nf6 7. N2c3 b6 8. Bb5+ c6 9. Be2 Bb7 10. Bf3 Nbd7 11. O-O O-O 12. Qe2 Qc7 13. Re1 Rfe8 14. Ng5 Bf8 15. g3 c5 16. Nb5 Qc8 17. Bf4 Bxf3 18. Nxf3 Nd5 19. Bd2 a6 20. Nc3 Qb7 21. Ne4 cxd4 22. Nxd4 N7f6 23. c4 Ne7 24. Nxf6+ gxf6 25. Qg4+ Ng6 26. h4 f5 27. Qe2 Rad8 28. Bc3 Bg7 29. Rad1 Ne5 30. f4 Rxd4 31. fxe5 Rg4 32. Kh2 Qe7 33. Rd4 h5 34. Rxg4 fxg4 35. Rd1 Rd8 36. Rxd8+ Qxd8 37. b4 Qc7 38. Qe4 a5 39. Kg2 axb4 40. axb4 Qa7 41. Qd4 Qa2+ 42. Kf1 Qb1+ 43. Kf2 Qc2+ 44. Kf1 Qf5+ 45. Ke2 Qf3+ 46. Kd2 Qxg3 47. Qd8+ Kh7 48. Qd3+ Qxd3+ 49. Kxd3 Bf8 50. Ke4 Kg6 51. Kf4 Bh6+ 52. Kg3 Be3 53. Be1 Kf5 54. Bc3 Bf4+ 55. Kg2 Bxe5 56. Bd2 Bd4 57. Kg3 e5 58. Kg2 e4 59. Kf1 Ke5 60. Ke2 f5 61. Bg5 f4 62. b5 f3+ 63. Kf1 e3 0-1


[Site "https://www.chess.com"]

[Event "Titled Tuesday Blitz June 13 Late 2023"]
[White "Quirke, Jeffrey"]
[Black "Sairam, Pranav"]
[WhiteFideId "2013029"]
[BlackFideId "30951330"]
[WhiteElo "2220"]
[BlackElo "1918"]
[Result "0-1"]
[Round "11"]
[TimeControl "180+2"]
[Date "2023.06.13"]
[WhiteClock "0:00:00"]
[BlackClock "0:00:04"]
[Board "102"]

1. e4 e5 2. d4 exd4 3. Qxd4 Nc6 4. Qe3 Nf6 5. Bd2 Qe7 6. Nc3 Qc5 7. Qg3 d6 8. O-O-O Ng4 9. Nd5 Nd4 10. Bc3 Nxf2 11. Bxd4 Nxh1 12. Qe3 Qa5 13. Kb1 c6 14. e5 Qxd5 15. exd6+ Qe6 16. Qc3 Qxd6 17. Bc4 Be6 18. Nf3 O-O-O 19. Rxh1 Bxc4 20. Qxc4 Qd5 21. Qc3 c5 22. Be3 f6 23. Bc1 Kb8 24. a4 Ka8 25. Rf1 Bd6 26. Nd2 Rhe8 27. Nc4 Be5 28. Qb3 Qc6 29. a5 Qc7 30. Rf3 Bd4 31. Nb6+ axb6 32. axb6 Qc6 33. Qa3+ Kb8 0-1


[Site "https://www.chess.com"]

[Event "Titled Tuesday Blitz June 13 Late 2023"]
[White "Fuentes Godoy, Lilia Ivonne"]
[Black "Slovineanu, Viacheslav"]
[WhiteFideId "5104130"]
[BlackFideId "13900510"]
[WhiteElo "2024"]
[BlackElo "2312"]
[Result "1-0"]
[Round "11"]
[TimeControl "180+2"]
[Date "2023.06.13"]
[WhiteClock "0:00:29"]
[BlackClock "0:00:59"]
[Board "103"]

1. d4 Nf6 2. c4 e6 3. Nf3 c5 4. d5 d6 5. Nc3 exd5 6. cxd5 g6 7. h3 Bg7 8. e4 O-O 9. Bd3 b5 10. Nxb5 Re8 11. O-O Nxe4 12. Re1 a6 13. Nc7 Qxc7 14. Rxe4 Rxe4 15. Bxe4 Nd7 16. Nd2 Nb6 17. a4 Bb7 18. Qf3 f5 19. Bc2 Bxd5 20. Qa3 a5 21. Nf1 Nc4 22. Qd3 Qc6 23. Bb3 Nb6 24. Bxd5+ Nxd5 25. Bg5 Bxb2 26. Rd1 Bd4 27. Qc4 Rc8 28. Ne3 Bxe3 29. Rxd5 Bxg5 30. Rxd6+ Kg7 31. Rxc6 Rxc6 32. Qd5 Rc7 33. Qe5+ 1-0


[Site "https://www.chess.com"]

[Event "Titled Tuesday Blitz June 13 Late 2023"]
[White "deloewre"]
[Black "Sarkar, Justin"]
[BlackFideId "2010011"]
[WhiteElo "2139"]
[BlackElo "2151"]
[Result "0-1"]
[Round "11"]
[TimeControl "180+2"]
[Date "2023.06.13"]
[WhiteClock "0:01:46"]
[BlackClock "0:01:31"]
[Board "104"]

1. c4 Nf6 2. Nc3 e5 3. Nf3 Nc6 4. a3 d5 5. cxd5 Nxd5 6. e4 Nxc3 7. bxc3 Bc5 8. Bb5 O-O 9. Bxc6 bxc6 10. Nxe5 Qg5 11. d4 Qxg2 12. Ke2 Qxe4+ 13. Be3 Bd6 14. f4 Bxe5 0-1


[Site "https://www.chess.com"]

[Event "Titled Tuesday Blitz June 13 Late 2023"]
[White "zano2023"]
[Black "Rodriguez Santiago, Jaime"]
[BlackFideId "3100898"]
[WhiteElo "2109"]
[BlackElo "2025"]
[Result "0-1"]
[Round "11"]
[TimeControl "180+2"]
[Date "2023.06.13"]
[WhiteClock "0:00:24"]
[BlackClock "0:00:12"]
[Board "105"]

1. d4 Nf6 2. Nd2 d5 3. Ngf3 c5 4. e3 Nc6 5. c3 Bg4 6. Qa4 Bd7 7. Qd1 cxd4 8. exd4 g6 9. Bd3 Bg7 10. Qe2 O-O 11. O-O Bf5 12. Re1 e6 13. h3 Bxd3 14. Qxd3 Ne8 15. Nf1 Nd6 16. Ng3 Rc8 17. Bg5 f6 18. Bc1 Qd7 19. h4 Rce8 20. h5 Ne7 21. Qe2 Nef5 22. hxg6 hxg6 23. Nxf5 Nxf5 24. Bf4 g5 25. Bh2 Kf7 26. b3 Rh8 27. Rad1 Rh7 28. g4 Nh4 29. Bg3 Reh8 30. Nxh4 gxh4 31. Bh2 h3 32. c4 Rh4 33. f3 Bf8 34. c5 Be7 35. b4 Bd8 36. Bg3 h2+ 37. Kh1 Rh3 38. Bf4 R8h7 39. b5 Ba5 40. Rf1 a6 41. a4 axb5 42. axb5 Bc7 43. Qe3 Bxf4 44. Qxf4 Qxb5 45. Rb1 Qa6 46. Rfe1 Kg6 47. Rxe6 Qxe6 48. Qd2 Rxf3 49. Re1 Qxg4 50. Qc2+ Rf5 51. Qe2 Qxe2 0-1


[Site "https://www.chess.com"]

[Event "Titled Tuesday Blitz June 13 Late 2023"]
[White "Prieto Aranguren, Alain"]
[Black "Ziatdinov, Raset"]
[WhiteFideId "2268906"]
[BlackFideId "2015323"]
[WhiteElo "2209"]
[BlackElo "2220"]
[Result "0-1"]
[Round "11"]
[TimeControl "180+2"]
[Date "2023.06.13"]
[WhiteClock "0:01:21"]
[BlackClock "0:01:45"]
[Board "106"]

1. e4 e6 2. d4 d5 3. exd5 exd5 4. Bd3 Bd6 5. Nf3 Nf6 6. O-O O-O 7. c3 h6 8. Re1 c6 9. Nbd2 Bg4 10. Nf1 Qc7 11. Ng3 Nbd7 12. Be3 Rfe8 13. Qc2 Nf8 14. Nh4 Ne4 15. Nhf5 Bxf5 16. Nxf5 Bxh2+ 17. Kh1 Bd6 18. Nxd6 Qxd6 19. f3 Ng3+ 20. Kg1 Ng6 21. Qd2 Nh5 22. Kf2 Qg3+ 23. Kg1 Ngf4 24. Kf1 Qh2 25. Bc2 Ng3+ 26. Kf2 Qxg2# 0-1


[Site "https://www.chess.com"]

[Event "Titled Tuesday Blitz June 13 Late 2023"]
[White "Garmendiarov"]
[Black "Sanchez, Robert"]
[BlackFideId "2034360"]
[WhiteElo "2326"]
[BlackElo "1974"]
[Result "0-1"]
[Round "11"]
[TimeControl "180+2"]
[Date "2023.06.13"]
[WhiteClock "0:00:08"]
[BlackClock "0:00:30"]
[Board "107"]

1. d4 Nf6 2. Bf4 e6 3. e3 d5 4. Nd2 c5 5. c3 Nc6 6. Ngf3 Bd6 7. Bg3 Qe7 8. Ne5 Nd7 9. f4 O-O 10. Bd3 f6 11. Bxh7+ Kxh7 12. Qh5+ Kg8 13. Ng6 Qe8 14. Nf3 Ne7 15. Qh8+ Kf7 16. Nxf8 Qxf8 17. Qh5+ Kg8 18. O-O-O c4 19. h4 Nf5 20. Bf2 b5 21. Ng5 fxg5 22. hxg5 b4 23. g6 Nh6 24. Bh4 bxc3 25. g4 cxb2+ 26. Kb1 Nf6 27. Bxf6 Qxf6 28. g5 Qf5+ 29. Kxb2 Rb8+ 30. Kc1 Ba3+ 31. Kd2 Qd3+ 32. Ke1 Qxe3+ 33. Kf1 Qxf4+ 34. Kg1 Qg3+ 35. Kf1 c3 36. gxh6 Ba6+ 37. Qe2 Rf8# 0-1


[Site "https://www.chess.com"]

[Event "Titled Tuesday Blitz June 13 Late 2023"]
[White "campochess"]
[Black "rikchessmx"]
[WhiteElo "2209"]
[BlackElo "2288"]
[Result "0-1"]
[Round "11"]
[TimeControl "180+2"]
[Date "2023.06.13"]
[WhiteClock "0:00:00"]
[BlackClock "0:00:45"]
[Board "108"]

1. d4 Nf6 2. Bg5 Ne4 3. h4 c5 4. d5 Qb6 5. Nc3 Nxc3 6. bxc3 h6 7. Bd2 d6 8. e4 Nd7 9. Nf3 g6 10. Be2 Bg7 11. Qc1 Nf6 12. e5 Nxd5 13. Rb1 Qc7 14. Bb5+ Bd7 15. Bxd7+ Qxd7 16. exd6 exd6 17. O-O O-O-O 18. c4 Nc3 19. Bxc3 Bxc3 20. Qa3 Bb4 21. Qxa7 Qc6 22. c3 Bxc3 23. Rb6 Qc7 24. Rfb1 Rd7 25. R1b3 Bf6 26. a4 Qb8 27. Qa5 Bd8 28. Qb5 Bxb6 29. Qxb6 Rhd8 30. a5 Qc7 31. Qb5 Qc6 32. Nd2 Qxb5 33. Rxb5 Rc7 34. Ne4 d5 35. cxd5 Rxd5 36. f3 f5 37. Nc3 Rd4 38. Rb6 Rg7 39. Nb5 Rd1+ 40. Kh2 c4 41. Rf6 Rd5 42. Nd6+ Kc7 43. Nxc4 Rc5 44. Nd6 Re7 45. Nf7 Rc6 46. Rxc6+ Kxc6 47. Nxh6 Kb5 48. h5 gxh5 49. Nxf5 Rd7 50. Ng3 Rd5 51. Kh3 Kxa5 52. Kh4 b5 53. Nxh5 b4 54. Nf4 Rd4 55. Kg5 Rxf4 56. Kxf4 b3 0-1


[Site "https://www.chess.com"]

[Event "Titled Tuesday Blitz June 13 Late 2023"]
[White "Kostiukov, Alexandr"]
[Black "Cluke86"]
[WhiteFideId "14108100"]
[WhiteElo "2202"]
[BlackElo "2212"]
[Result "0-1"]
[Round "11"]
[TimeControl "180+2"]
[Date "2023.06.13"]
[WhiteClock "0:00:00"]
[BlackClock "0:00:07"]
[Board "109"]

1. g3 d5 2. Bg2 e5 3. c4 dxc4 4. Qa4+ Nc6 5. Qxc4 Nf6 6. Nf3 Be6 7. Qb5 a6 8. Qa4 b5 9. Qd1 e4 10. Ng5 Bd5 11. Nc3 e3 12. Nxd5 exf2+ 13. Kxf2 Nxd5 14. Qb3 Qf6+ 15. Ke1 Qxg5 16. Qxd5 Qxd5 17. Bxd5 Kd7 18. Bxf7 Nd4 19. Kd1 Bd6 20. e3 Nc6 21. Bd5 Raf8 22. Ke2 Ne5 23. d4 Ng4 24. Bf3 Nf6 25. e4 Be7 26. e5 Ne8 27. Be3 h6 28. a4 c6 29. axb5 axb5 30. Ra7+ Nc7 31. d5 cxd5 32. Rc1 Rc8 33. Bb6 Ke6 34. Bg4+ Kxe5 35. Bxc8 Rxc8 36. Bxc7+ Kf5 37. Rf1+ Kg6 38. Kd3 Bf6 39. b3 Re8 0-1


[Site "https://www.chess.com"]

[Event "Titled Tuesday Blitz June 13 Late 2023"]
[White "Celestino, Rafael Teixeira"]
[Black "Powell, Paul"]
[WhiteFideId "2108925"]
[BlackFideId "2005840"]
[WhiteElo "2247"]
[BlackElo "2157"]
[Result "1-0"]
[Round "11"]
[TimeControl "180+2"]
[Date "2023.06.13"]
[WhiteClock "0:01:45"]
[BlackClock "0:00:34"]
[Board "110"]

1. e4 c5 2. Nf3 d6 3. d4 cxd4 4. Nxd4 Nf6 5. Nc3 g6 6. Bg5 Bg7 7. Qd2 Nc6 8. O-O-O O-O 9. Bh6 Nxd4 10. Bxg7 Nb3+ 11. axb3 Kxg7 12. h4 h5 13. Be2 Qa5 14. Qg5 Qxg5+ 15. hxg5 Nh7 16. f4 Be6 17. Nd5 Bxd5 18. Rxd5 Rfc8 19. g4 hxg4 20. Bxg4 Rc7 21. Kd2 Nf8 22. Rd3 Ne6 23. Bxe6 fxe6 24. Rdh3 Kf7 25. Rh7+ 1-0


[Site "https://www.chess.com"]

[Event "Titled Tuesday Blitz June 13 Late 2023"]
[White "Vargas, Mauricio"]
[Black "Burke, Paul"]
[WhiteFideId "4404572"]
[BlackFideId "2605767"]
[WhiteElo "1986"]
[BlackElo "1952"]
[Result "0-1"]
[Round "11"]
[TimeControl "180+2"]
[Date "2023.06.13"]
[WhiteClock "0:01:25"]
[BlackClock "0:01:39"]
[Board "111"]

1. e4 e5 2. Nf3 Nc6 3. b3 Be7 4. Bb2 d6 5. d4 exd4 6. Nxd4 Nf6 7. Nxc6 bxc6 8. Bd3 O-O 9. O-O d5 10. e5 Nd7 11. f4 Bc5+ 12. Kh1 Qh4 13. Nd2 Nb6 14. Qc1 Be3 15. Qd1 Bxf4 16. Nf3 Qh5 17. Qe1 Bg4 18. Nd4 Qxh2# 0-1